Cogmind - Beta 10.1 @@@ ROGUE MODE // 2020.10.02 @ 00:13:15 // AFD2020/Player2 Player: Chiefwannatoke Result: Destroyed by Y-72 Warden with Quantum Rifle Performance ------------- Evolutions (6) 3000 Regions Visited (18) 3600 Robots Destroyed (148) 740 Value Destroyed (8381) 8381 Prototype IDs (16) 320 Alien Tech Used (0) 0 Bonus (10011) 10011 TOTAL SCORE: 26052 Bonus ------- Triggered High Security 1000 High Alert Combat Kills 2799 Follower Combat Kills 4961 Entered Garrisons 800 Used RIF Installer 2000 Friendly Fire -1549 Cogmind --------- Core Integrity 0/1150 Matter 290/300 Energy 10/600 System Corruption 2% Temperature Cool (9) Movement Treading (145) Location -4/Armory Parts ------- > --- POWER (1) -------- (None) > --- PROPULSION (4) --- Biometal Heavy Treads Biometal Heavy Treads > --- UTILITY (10) ----- Large Storage Unit Energy Well Improved Targeting Computer Relay Coupler [Swarmer] (7) > --- WEAPON (4) ------- Power Sword > --- INVENTORY (10) --- Relay Coupler [Demolisher] (24) Peak State ------------ > --- POWER ------------ Light Quantum Reactor > --- PROPULSION ------- Biometal Heavy Treads Biometal Heavy Treads > --- UTILITY ---------- Advanced Heat Sink Large Storage Unit Energy Well Improved Targeting Computer Focal Shield Advanced Force Field Relay Coupler [NC] Relay Coupler [Swarmer] Relay Coupler [Behemoth] > --- WEAPON ----------- Enhanced Quantum Rifle Matter Neutralizer KE Penetrator Linear Accelerator > --- INVENTORY -------- Light Nuclear Core Light Antimatter Reactor Biometal Heavy Treads Biometal Heavy Treads Relay Coupler [Duelist] Relay Coupler [Demolisher] Improved Remote Datajack [Rating: 117] Favorites ----------- Power Reinforced Deuterium Engine Engine Reinforced Deuterium Engine Power Core Light Nuclear Core Reactor Light Antimatter Reactor Propulsion Light Treads Treads Light Treads Leg Carbon-fiber Leg Hover Unit Aerolev Unit Utility Improved Medium Armor Plating Device Improved Heat Sink Storage Small Storage Unit Processor Improved Targeting Computer Hackware Relay Coupler [NC] Protection Improved Medium Armor Plating Weapon Tri-rail Accelerator Energy Gun Cooled Pulse Rifle Energy Cannon Matter Neutralizer Ballistic Gun Improved Assault Rifle Ballistic Cannon Tri-rail Accelerator Launcher Grenade Launcher Special Weapon Improved Remote Datajack Slashing Weapon Power Sword Build | -11 -10 -10 -9 -9 -9 -8 -8 -7 -7 -7 -7 -6 -5 -5 -5 -5 -4 -4 ------- Run | Scr Mat Min Mat Min Exi Min Mat Fac Gar Sto Gar Fac Fac Gar Fac Gar Fac Arm Slots Evolved 12 | . . . 2 . . . 2 2 . . . 2 2 . . . 2 . Power . | . . . . . . . . . . . . . . . . . . . Propulsion 2 | . . . 1 . . . . 1 . . . . . . . . . . Utility 8 | . . . 1 . . . 1 1 . . . 2 1 . . . 2 . Weapon 2 | . . . . . . . 1 . . . . . 1 . . . . . Parts Attached 188 | 6 5 4 9 1 . 5 11 3 18 20 10 8 17 8 7 11 21 24 Power 20 | 1 . 2 . 1 . 1 1 . 1 1 1 1 . . 1 1 3 5 Engine 8 | 1 . 2 . 1 . . 1 . 1 . . 1 . . 1 . . . Core 6 | . . . . . . 1 . . . 1 1 . . . . 1 1 1 Reactor 6 | . . . . . . . . . . . . . . . . . 2 4 Propulsion 46 | 2 . . 3 . . 3 1 1 4 8 2 4 1 6 6 . 1 4 Treads 27 | 2 . . 2 . . 3 . 1 1 4 2 1 . . 6 . 1 4 Leg 16 | . . . 1 . . . . . 3 2 . 3 1 6 . . . . Wheel . | . . . . . . . . . . . . . . . . . . . Hover 3 | . . . . . . . 1 . . 2 . . . . . . . . Flight . | . . . . . . . . . . . . . . . . . . . Utility 51 | 1 1 1 3 . . 1 3 . 3 4 5 . 9 2 . 7 5 6 Device 10 | . . 1 . . . . . . 1 2 1 . 1 . . 2 . 2 Storage 9 | 1 . . . . . . . . . . . . 4 . . 1 1 2 Processor 3 | . . . 1 . . . 1 . . . . . . . . . . 1 Hackware 11 | . . . . . . . 1 . . . . . . 2 . 4 3 1 Protection 18 | . 1 . 2 . . 1 1 . 2 2 4 . 4 . . . 1 . Artifact . | . . . . . . . . . . . . . . . . . . . Weapon 71 | 2 4 1 3 . . . 6 2 10 7 2 3 7 . . 3 12 9 Energy Gun 18 | . 1 . . . . . 1 2 3 6 . 1 . . . 1 1 2 Energy Cannon 4 | . . . . . . . . . . . . 1 1 . . . 1 1 Ballistic Gun 20 | 2 . 1 3 . . . 4 . 4 1 1 . 1 . . . 2 1 Ballistic Cannon 12 | . . . . . . . . . . . . 1 5 . . 1 4 1 Launcher 9 | . 3 . . . . . 1 . 3 . 1 . . . . . . 1 Special Weapon 7 | . . . . . . . . . . . . . . . . 1 4 2 Impact Weapon . | . . . . . . . . . . . . . . . . . . . Slashing Weapon 1 | . . . . . . . . . . . . . . . . . . 1 Piercing Weapon . | . . . . . . . . . . . . . . . . . . . Special Melee Weapon . | . . . . . . . . . . . . . . . . . . . Unidentified Prototypes 8 | . . . 1 . . . . 1 . 5 . . 1 . . . . . Parts Lost 57 | . . . . . . . 1 2 11 5 4 6 1 . . 3 2 22 Power 7 | . . . . . . . . . . . 1 . . . . 1 . 5 Propulsion 15 | . . . . . . . 1 1 4 3 1 3 . . . . . 2 Utility 15 | . . . . . . . . . 1 1 1 2 1 . . 1 1 7 Weapon 20 | . . . . . . . . 1 6 1 1 1 . . . 1 1 8 Highest Loss Streak 14 | . . . . . . . 1 2 4 4 3 6 1 . . 3 1 14 Average Slot Usage (%) 90 | . 86 100 95 100 100 100 93 84 91 92 97 77 88 82 85 87 93 85 Engine 4 | . 14 14 11 11 11 . 8 7 7 2 . 1 5 5 4 3 . . Core 1 | . . . . . . 10 . . . 4 7 4 . . . 1 2 . Treads 17 | . 28 28 22 22 22 32 20 16 15 6 29 18 . . 20 23 21 14 Leg 6 | . . . 6 11 11 . . . 8 9 . 5 19 23 2 . . . Hover 1 | . . . . . . . 4 7 2 9 . . . . . . . . Device 4 | . . 11 1 . . . . . . 7 4 6 6 5 5 5 5 10 Storage 8 | . 14 14 11 11 11 11 9 7 7 7 7 6 12 5 5 7 5 7 Processor 7 | . . . 9 11 11 11 9 15 13 7 7 6 5 5 5 5 5 5 Hackware 7 | . . . . . . . 5 7 7 5 . . . . 5 10 33 23 Protection 9 | . 5 2 11 11 11 11 9 . 7 6 17 7 16 23 21 12 1 . Energy Gun 3 | . 3 14 3 . . . 1 6 4 19 7 . . . . 1 2 1 Ballistic Gun 8 | . 14 14 18 22 22 22 24 15 10 2 11 11 3 . . . . 5 Ballistic Cannon 3 | . . . . . . . . . . . . 1 9 11 11 7 8 3 Naked Turns . | . . . . . . . . . . . . . . . . . . . Heaviest Build 87 | 9 12 14 18 18 16 18 27 25 29 29 32 41 83 78 78 66 59 87 Greatest Support 150 | 40 40 40 40 40 40 65 65 63 60 83 83 83 60 65 108 108 111 150 Greatest Overweight (x) 2 | . . . . . . . 2 . 1 2 . 1 1 1 2 . . . Average Overweight (x) . | . . . . . . . . . . . . . . 1 . . . . Largest Inventory Capacity 10 | 6 6 6 6 6 6 6 6 6 6 6 6 6 6 6 6 6 8 10 Average Capacity 6 | 5 6 6 6 6 6 6 6 6 6 6 6 6 6 6 6 6 7 9 Most Carried 10 | 6 6 6 6 6 6 6 6 6 6 6 6 6 6 6 6 6 8 10 Average Carried 5 | 3 3 5 5 6 6 6 5 6 5 5 5 6 5 5 6 5 6 8 Final Capacity 10 | 6 6 6 6 6 6 6 6 6 6 6 6 6 6 6 6 6 8 10 Final Carried 8 | 6 6 6 6 6 6 6 6 6 6 6 6 6 6 6 6 6 8 1 Class Distribution -------------------- 21% | Mutant 20% | Scavenger-Tank 16% | Scavenger-Gunner 11% | Scavenger-Mutant 9% | Botlord-Gunner 5% | Bothacker-Mutant 4% | Gunner 3% | Botlord-Mutant 3% | Tank Dominant Class ---------------- Mutant | -10/Materials Mutant | -10/Mines Mutant | -9/Materials Scavenger-Mutant | -9/Mines Scavenger-Mutant | -9/Exiles Mutant | -8/Mines Scavenger-Gunner | -8/Materials Gunner | -7/Factory Scavenger-Gunner | -7/Garrison Gunner | -7/Storage Scavenger-Tank | -7/Garrison Scavenger-Tank | -6/Factory Scavenger-Tank | -5/Factory Scavenger-Tank | -5/Garrison Tank | -5/Factory Bothacker-Mutant | -5/Garrison Botlord-Gunner | -4/Factory Botlord-Gunner | -4/Armory Resources | -11 -10 -10 -9 -9 -9 -8 -8 -7 -7 -7 -7 -6 -5 -5 -5 -5 -4 -4 ----------- Run | Scr Mat Min Mat Min Exi Min Mat Fac Gar Sto Gar Fac Fac Gar Fac Gar Fac Arm Matter Collected 5391 | 154 207 104 126 28 . 162 266 106 240 374 379 190 907 378 . 538 585 647 Remotely . | . . . . . . . . . . . . . . . . . . . Salvage Created 6054 | . 245 248 134 29 . 247 180 104 555 508 587 230 1066 351 . 524 770 276 Parts 281 | . 15 21 10 4 . 12 8 4 35 26 26 13 38 12 . 19 26 12 Haulers Intercepted 2 | . 1 . . . . . . . . 1 . . . . . . . . Recyclers Shooed 10 | . 1 1 . . . . 1 . . . . 1 5 . . . 1 . Parts Field Recycled . | . . . . . . . . . . . . . . . . . . . Retrieved Matter . | . . . . . . . . . . . . . . . . . . . Parts Self-Destructed . | . . . . . . . . . . . . . . . . . . . Prevented . | . . . . . . . . . . . . . . . . . . . Kills | -11 -10 -10 -9 -9 -9 -8 -8 -7 -7 -7 -7 -6 -5 -5 -5 -5 -4 -4 ------- Run | Scr Mat Min Mat Min Exi Min Mat Fac Gar Sto Gar Fac Fac Gar Fac Gar Fac Arm Combat Hostiles Destroyed 129 | . 4 7 3 2 . 7 4 2 15 9 13 2 17 10 . 14 13 7 Melee 1 | . . . . . . . . . . . . . . . . . . 1 Guns 61 | . 2 7 3 2 . 7 3 2 9 9 10 2 1 . . . 3 1 Cannons 55 | . . . . . . . . . . . . . 16 10 . 14 10 5 AOE 12 | . 2 . . . . . 1 . 6 . 3 . . . . . . . Classes Destroyed 15 | . 4 2 1 . . 1 . 1 1 2 . 1 . . . . 1 1 Worker 5 | . 1 . . . . . . . . 1 . 1 1 . . . 1 . Builder 4 | . . . . . . . . . . 1 . . 1 . . . 2 . Hauler 2 | . 1 . . . . . . . . 1 . . . . . . . . Recycler 5 | . . 1 . . . . . . . . . 1 3 . . . . . Watcher 3 | . 1 . . . . . 1 . . . . . . . . . 1 . Swarmer 25 | . . 4 . 2 . 3 1 . 3 2 3 . 3 2 . 1 . 1 Saboteur 1 | . . . . . . . . . . . . . . . . . . 1 Grunt 62 | . 4 3 2 . . 3 3 1 5 2 6 . 9 5 . 8 9 2 Brawler 1 | . . . . . . . . . . . . . . . . . 1 . Duelist 11 | . . . . . . . . 1 2 . 2 1 1 . . 3 1 . Sentry 13 | . . . 1 . . . . . 2 3 1 . 2 2 . . 1 1 Specialist 2 | . . . . . . . . . 2 . . . . . . . . . Hunter 7 | . . . . . . 1 . . 1 1 1 . 2 . . . . 1 Programmer 4 | . . . . . . . . . . 1 . . . . . 1 1 1 Behemoth 3 | . . . . . . . . . . . . 1 . 1 . 1 . . Best Kill Streak 8 | . 3 2 1 2 . 3 2 1 3 7 7 3 8 4 . 6 4 4 Combat Bots Only 7 | . 2 2 1 2 . 3 2 1 3 5 7 2 5 4 . 6 3 4 Max Kills in Single Turn 3 | . 2 2 1 2 . 1 1 1 2 2 3 1 2 2 . 2 3 1 Gunslinging 1 | . . 1 . . . . . . . . . . . . . . . . Exploded 3 | . 1 . . . . . 1 . 2 . 3 . . . . . . . Melee 1 | . . . . . . . . . . . . . . . . . . 1 Uniques/NPCs Destroyed . | . . . . . . . . . . . . . . . . . . . Combat | -11 -10 -10 -9 -9 -9 -8 -8 -7 -7 -7 -7 -6 -5 -5 -5 -5 -4 -4 -------- Run | Scr Mat Min Mat Min Exi Min Mat Fac Gar Sto Gar Fac Fac Gar Fac Gar Fac Arm Damage Taken 12788 | . 366 276 22 31 . 190 245 295 1164 714 853 746 1138 431 . 660 1305 4352 Core 1458 | . 77 28 . . . 50 49 55 166 92 50 50 132 26 . 21 83 579 Absorbed by Shields 270 | . . . . . . . . . . . . . . . . 37 . 233 Reduced by Siege Mode 37 | . . . . . . . . . . . . . . . . . . 37 Core Remaining (%) 60 | 100 . 58 . . . 58 84 . . . 15 89 . . . 22 . . Volleys Fired 409 | . 21 24 7 2 . 21 21 8 39 25 38 15 43 27 . 32 50 36 Largest 4 | . 2 2 2 2 . 2 3 3 3 3 3 3 4 2 . 2 3 4 Hottest 298 | . 50 70 46 46 . 46 111 138 138 182 163 171 239 120 . 129 231 298 Shots Fired 881 | . 24 48 14 4 . 42 60 20 81 61 70 39 133 52 . 45 108 80 Gun 532 | . 21 48 14 4 . 42 59 20 69 61 68 34 25 . . 8 24 35 Cannon 302 | . . . . . . . . . . . . 4 108 52 . 34 67 37 Launcher 22 | . 3 . . . . . 1 . 12 . 2 1 . . . . . 3 Special 25 | . . . . . . . . . . . . . . . . 3 17 5 Kinetic 592 | . 21 24 14 4 . 42 52 12 47 8 44 30 108 52 . 34 59 41 Thermal 234 | . . 24 . . . . 7 6 22 47 24 8 25 . . 8 32 31 Explosive 19 | . 3 . . . . . 1 . 12 . 2 1 . . . . . . Electromagnetic 11 | . . . . . . . . 2 . 6 . . . . . . . 3 Robot Hit Streak 28 | . 11 5 7 1 . 12 13 6 15 12 13 28 17 13 . 26 21 7 Robot Miss Streak 10 | . 2 5 2 3 . 2 4 1 10 4 7 4 7 6 . 3 3 4 Penetration Max 1 | . . . . . . . . . 1 . . . 1 . . . . 1 Secondary Targets 11 | . . 1 . . . 2 2 . . 1 3 2 . . . . . . Max Gunslinging Chain 1 | . . 1 . . . 1 1 . . 1 1 1 . . . . . . Shots Hit Robots 597 | . 17 24 9 2 . 37 36 14 47 38 62 37 73 42 . 38 80 41 Core Hits 390 | . 12 11 6 2 . 14 15 5 44 31 59 29 45 23 . 28 37 29 Critical Hits 17 | . . . . . . 1 . . 1 . . . 6 . . . 3 6 Critical Kills 6 | . . . . . . . . . 1 . . . 3 . . . 1 1 Critical Parts Destroyed 8 | . . . . . . 1 . . . . . . 2 . . . 1 4 Melee Attacks . | . . . . . . . . . . . . . . . . . . . Impact . | . . . . . . . . . . . . . . . . . . . Slashing . | . . . . . . . . . . . . . . . . . . . Piercing . | . . . . . . . . . . . . . . . . . . . Sneak Attacks . | . . . . . . . . . . . . . . . . . . . Combat Hostiles . | . . . . . . . . . . . . . . . . . . . Follow-up Attacks . | . . . . . . . . . . . . . . . . . . . Damage Inflicted 18725 | . 375 306 118 30 . 543 637 328 1830 991 1670 1077 2846 1716 . 2068 2754 1436 Guns 7180 | . 136 306 118 30 . 543 574 325 828 928 1484 873 180 . . 157 361 337 Cannons 9452 | . . . . . . . . . . . . 64 2666 1716 . 1911 2388 707 Explosions 2075 | . 239 . . . . . 63 . 1002 63 186 140 . . . . . 382 Melee . | . . . . . . . . . . . . . . . . . . . Ramming 18 | . . . . . . . . 3 . . . . . . . . 5 10 Kinetic 11901 | . 136 142 118 30 . 543 482 182 537 137 755 635 2252 1716 . 1911 1989 336 Thermal 4815 | . . 164 . . . . 92 120 291 777 729 302 594 . . 157 760 829 Explosive 1630 | . 239 . . . . . 63 . 1002 . 186 140 . . . . . . Electromagnetic 361 | . . . . . . . . 23 . 77 . . . . . . . 261 Impact . | . . . . . . . . . . . . . . . . . . . Slashing . | . . . . . . . . . . . . . . . . . . . Piercing . | . . . . . . . . . . . . . . . . . . . Highest Corruption 2 | . . . . . . . . . . . . . . . . 1 . 2 Average Corruption 1 | . . . . . . . . . . . . . . . . 1 . 1 Corruption Purged . | . . . . . . . . . . . . . . . . . . . Effects 3 | . . . . . . . . . . . . . . . . . . 3 Message Errors 3 | . . . . . . . . . . . . . . . . . . 3 Overload Shots 27 | . . . . . . . . . . 5 16 6 . . . . . . Effects 1 | . . . . . . . . . . . 1 . . . . . . . Heat Surge 1 | . . . . . . . . . . . 1 . . . . . . . Overflow Damage 366 | . . . . . . . . . 11 . . . 128 . . 14 182 31 Projectiles 343 | . . . . . . . . . . . . . 128 . . 14 182 19 Explosions 23 | . . . . . . . . . 11 . . . . . . . . 12 Melee . | . . . . . . . . . . . . . . . . . . . Knockbacks 46 | . . . . . . . . . . . . . 6 14 . 13 13 . Impact . | . . . . . . . . . . . . . . . . . . . Kinetic 44 | . . . . . . . . . . . . . 6 14 . 11 13 . Secondary 2 | . . . . . . . . . . . . . . . . 2 . . Self-Inflicted Damage 132 | . . . . . . . . . 45 . . . . . . . . 87 Shots 11 | . . . . . . . . . 4 . . . . . . . . 7 Rammed 5 | . . . . . . . . 1 . . . . . . . . 1 3 Targets Rammed 6 | . . . . . . . . 1 . . . . 1 . . . 1 3 Kicked 1 | . . . . . . . . . . . . . 1 . . . . . Crushed . | . . . . . . . . . . . . . . . . . . . Highest Temperature 455 | . 16 104 1 . . 15 197 113 311 114 409 48 455 315 . 8 326 361 Average Temperature 95 | . 7 25 1 . . 7 54 45 80 42 156 19 164 100 . 4 96 97 Received Heat Transfer 2336 | . 147 45 12 . . 72 27 9 267 96 312 90 270 90 . 137 123 639 Effects 8 | . . . . . . . . . . . 1 . 7 . . . . . Shutdowns 5 | . . . . . . . . . . . 1 . 4 . . . . . Interference 2 | . . . . . . . . . . . . . 2 . . . . . Matter Decay 1 | . . . . . . . . . . . . . 1 . . . . . Siege Activations 1 | . . . . . . . . . . . . . . . . . . 1 Total Turns 6 | . . . . . . . . . . . . . . . . . . 6 Longest Duration 6 | . . . . . . . . . . . . . . . . . . 6 Robots Corrupted . | . . . . . . . . . . . . . . . . . . . Combat Hostiles . | . . . . . . . . . . . . . . . . . . . Parts Fried 2 | . . . . . . . . . . . 2 . . . . . . . Impact Corruptions . | . . . . . . . . . . . . . . . . . . . Robots Melted . | . . . . . . . . . . . . . . . . . . . Combat Hostiles . | . . . . . . . . . . . . . . . . . . . Parts Melted 7 | . . 1 . . . . . . . 3 . . 2 . . . 1 . Heat Transferred 6799 | . . 481 . . . . 222 222 641 1200 966 324 862 . . 296 888 697 Parts Sabotaged . | . . . . . . . . . . . . . . . . . . . Parts Stolen . | . . . . . . . . . . . . . . . . . . . Parts Stripped . | . . . . . . . . . . . . . . . . . . . Power Chain Reactions 2 | . . . . . . . . . . 1 . . . . . . . 1 Missiles Intercepted . | . . . . . . . . . . . . . . . . . . . Alert | -11 -10 -10 -9 -9 -9 -8 -8 -7 -7 -7 -7 -6 -5 -5 -5 -5 -4 -4 ------- Run | Scr Mat Min Mat Min Exi Min Mat Fac Gar Sto Gar Fac Fac Gar Fac Gar Fac Arm Peak Influence 1862 | . 270 424 281 221 . 226 671 529 1302 884 1173 804 1168 1486 779 1177 1787 1862 Initial 1100 | . . 105 87 109 . . 35 214 363 634 574 615 422 817 779 545 617 1100 Average 759 | . 123 230 147 219 . 98 357 338 871 749 923 667 690 1252 779 923 1277 1456 Maximum Alert Level 5 | . 1 2 1 1 . 1 2 2 4 3 4 3 4 4 3 4 5 5 Low Security (%) 16 | 100 61 36 78 1 . 95 16 . . . . . . . . . . . Level 1 12 | . 38 62 21 98 . 4 43 64 3 . . . . . . . . . Level 2 14 | . . 1 . . . . 40 36 19 18 19 65 60 . . 5 8 . Level 3 29 | . . . . . . . . . 55 81 63 34 30 23 100 64 22 . Level 4 23 | . . . . . . . . . 20 . 17 . 8 76 . 29 46 74 Level 5 . | . . . . . . . . . . . . . . . . . . . High Security 3 | . . . . . . . . . . . . . . . . . 21 25 Max Security . | . . . . . . . . . . . . . . . . . . . Squads Dispatched 48 | . 2 . 2 . . . 4 6 . 6 . 1 9 . . . 10 8 Investigation 5 | . . . 2 . . . . 1 . 1 . . 1 . . . . . Extermination 6 | . . . . . . . . 1 . 1 . . 1 . . . 2 1 Reinforcement 16 | . 2 . . . . . 3 2 . 2 . 1 3 . . . 2 1 Assault 14 | . . . . . . . 1 . . . . . 1 . . . 6 6 Garrison 7 | . . . . . . . . 2 . 2 . . 3 . . . . . Intercept . | . . . . . . . . . . . . . . . . . . . Construction Impeded 6 | . . . . . . . . 1 . . . 1 2 . . . 2 . Haulers Reinforced 2 | . . . . . . . . . . 2 . . . . . . . . Stealth | -11 -10 -10 -9 -9 -9 -8 -8 -7 -7 -7 -7 -6 -5 -5 -5 -5 -4 -4 --------- Run | Scr Mat Min Mat Min Exi Min Mat Fac Gar Sto Gar Fac Fac Gar Fac Gar Fac Arm Distress Signals 13 | . 2 . 1 . . . 3 1 . 3 . . 2 . . . . 1 Communications Jammed 52 | . . . . . . . . . . . . . . . . . 23 29 Distress Signals 52 | . . . . . . . . . . . . . . . . . 23 29 Times Spotted 348 | . 14 12 8 4 . 10 26 7 25 23 23 7 35 20 . 23 57 54 Peak Tracking Total 18 | . 6 3 5 4 . 3 5 2 4 6 5 5 6 8 . 9 8 18 Tactical Retreats 18 | . 1 1 1 . . 1 1 1 . 2 2 1 2 2 . . 1 2 Traps | -11 -10 -10 -9 -9 -9 -8 -8 -7 -7 -7 -7 -6 -5 -5 -5 -5 -4 -4 ------- Run | Scr Mat Min Mat Min Exi Min Mat Fac Gar Sto Gar Fac Fac Gar Fac Gar Fac Arm Traps Triggered 15 | . . . 1 . . . . . 6 2 . . 2 2 1 . 1 . Indirectly . | . . . . . . . . . . . . . . . . . . . Trap Hack Attempts . | . . . . . . . . . . . . . . . . . . . Triggered . | . . . . . . . . . . . . . . . . . . . Disarmed . | . . . . . . . . . . . . . . . . . . . Reprogrammed . | . . . . . . . . . . . . . . . . . . . Reused . | . . . . . . . . . . . . . . . . . . . Traps Extracted . | . . . . . . . . . . . . . . . . . . . Installed . | . . . . . . . . . . . . . . . . . . . Triggered 1 | . . . . . . . . . . . 1 . . . . . . . Machines | -11 -10 -10 -9 -9 -9 -8 -8 -7 -7 -7 -7 -6 -5 -5 -5 -5 -4 -4 ---------- Run | Scr Mat Min Mat Min Exi Min Mat Fac Gar Sto Gar Fac Fac Gar Fac Gar Fac Arm Machines Disabled 47 | . . . . . . . 4 1 3 2 1 6 4 3 . 4 14 5 Max in Single Turn 4 | . . . . . . . 1 1 1 1 1 4 1 1 . 2 1 1 Garrison Relay 8 | . . . . . . . . . 3 . 1 . . 2 . 2 . . Phase Generator 1 | . . . . . . . . . . . . . . . . 1 . . Machines Sabotaged . | . . . . . . . . . . . . . . . . . . . Garrisons Compromised . | . . . . . . . . . . . . . . . . . . . Overloaded Fab Kills . | . . . . . . . . . . . . . . . . . . . Fab Network Shutdowns . | . . . . . . . . . . . . . . . . . . . Hacking | -11 -10 -10 -9 -9 -9 -8 -8 -7 -7 -7 -7 -6 -5 -5 -5 -5 -4 -4 --------- Run | Scr Mat Min Mat Min Exi Min Mat Fac Gar Sto Gar Fac Fac Gar Fac Gar Fac Arm Machines Accessed 17 | . 1 . 3 . . . 1 2 . 6 . . 1 . 1 . . 2 Terminals 12 | . 1 . 3 . . . 1 . . 5 . . . . . . . 2 Fabricators 1 | . . . . . . . . 1 . . . . . . . . . . Repair Stations . | . . . . . . . . . . . . . . . . . . . Recycling Units . | . . . . . . . . . . . . . . . . . . . Scanalyzers . | . . . . . . . . . . . . . . . . . . . Garrison Access 4 | . . . . . . . . 1 . 1 . . 1 . 1 . . . Total Hacks 38 | . 3 . 8 . . . 1 5 . 13 . . 1 . 2 . . 5 Successful 20 | . 2 . 4 . . . . 3 . 7 . . 1 . 2 . . 1 Failed 18 | . 1 . 4 . . . 1 2 . 6 . . . . . . . 4 Catastrophic 4 | . . . . . . . 1 . . 2 . . . . . . . 1 Database Lockouts . | . . . . . . . . . . . . . . . . . . . Manual 3 | . . . . . . . . 3 . . . . . . . . . . Terminals 28 | . 3 . 8 . . . 1 . . 11 . . . . . . . 5 Fabricators 4 | . . . . . . . . 4 . . . . . . . . . . Repair Stations . | . . . . . . . . . . . . . . . . . . . Recycling Units . | . . . . . . . . . . . . . . . . . . . Scanalyzers . | . . . . . . . . . . . . . . . . . . . Garrison Access 6 | . . . . . . . . 1 . 2 . . 1 . 2 . . . Terminal Hacks 12 | . 2 . 4 . . . . . . 5 . . . . . . . 1 Record 2 | . . . 1 . . . . . . . . . . . . . . 1 Robot Analysis 2 | . . . . . . . . . . 2 . . . . . . . . Prototype ID Bank 5 | . 1 . 3 . . . . . . 1 . . . . . . . . Open Door 1 | . . . . . . . . . . 1 . . . . . . . . Unreport Threat 1 | . . . . . . . . . . 1 . . . . . . . . Locate Traps 1 | . 1 . . . . . . . . . . . . . . . . . Fabricator Hacks 1 | . . . . . . . . 1 . . . . . . . . . . Build 1 | . . . . . . . . 1 . . . . . . . . . . Repair Station Hacks . | . . . . . . . . . . . . . . . . . . . Recycling Unit Hacks . | . . . . . . . . . . . . . . . . . . . Scanalyzer . | . . . . . . . . . . . . . . . . . . . Garrison Access Hacks 6 | . . . . . . . . 1 . 2 . . 1 . 2 . . . Unlock Access 4 | . . . . . . . . 1 . 1 . . 1 . 1 . . . Coupler Status 2 | . . . . . . . . . . 1 . . . . 1 . . . Unauthorized Hacks 1 | . . . . . . . . 1 . . . . . . . . . . Terminals . | . . . . . . . . . . . . . . . . . . . Fabricators 1 | . . . . . . . . 1 . . . . . . . . . . Siphon 1 | . . . . . . . . 1 . . . . . . . . . . Repair Stations . | . . . . . . . . . . . . . . . . . . . Recycling Units . | . . . . . . . . . . . . . . . . . . . Scanalyzers . | . . . . . . . . . . . . . . . . . . . Garrison Access . | . . . . . . . . . . . . . . . . . . . Data Cores Recovered . | . . . . . . . . . . . . . . . . . . . Used . | . . . . . . . . . . . . . . . . . . . Hacking Detections 14 | . 1 . 2 . . . 1 1 . 5 . . 1 . 1 . . 2 Full Trace Events 3 | . . . 1 . . . . 1 . 1 . . . . . . . . Feedback Events . | . . . . . . . . . . . . . . . . . . . Feedback Blocked . | . . . . . . . . . . . . . . . . . . . Robot Schematics Acquired . | . . . . . . . . . . . . . . . . . . . Robots Built . | . . . . . . . . . . . . . . . . . . . Matter . | . . . . . . . . . . . . . . . . . . . Time . | . . . . . . . . . . . . . . . . . . . Total Robot Build Rating . | . . . . . . . . . . . . . . . . . . . Part Schematics Acquired . | . . . . . . . . . . . . . . . . . . . Parts Built 1 | . . . . . . . . 1 . . . . . . . . . . Matter 126 | . . . . . . . . 126 . . . . . . . . . . Time 84 | . . . . . . . . 84 . . . . . . . . . . Total Part Build Rating 4 | . . . . . . . . 4 . . . . . . . . . . Parts Repaired . | . . . . . . . . . . . . . . . . . . . Time . | . . . . . . . . . . . . . . . . . . . Parts Recycled . | . . . . . . . . . . . . . . . . . . . Recycled Matter . | . . . . . . . . . . . . . . . . . . . Retrieved Matter . | . . . . . . . . . . . . . . . . . . . Retrieved Components . | . . . . . . . . . . . . . . . . . . . Parts Scanalyzed . | . . . . . . . . . . . . . . . . . . . Part Schematics Acquired . | . . . . . . . . . . . . . . . . . . . Parts Damaged . | . . . . . . . . . . . . . . . . . . . Bothacking | -11 -10 -10 -9 -9 -9 -8 -8 -7 -7 -7 -7 -6 -5 -5 -5 -5 -4 -4 ------------ Run | Scr Mat Min Mat Min Exi Min Mat Fac Gar Sto Gar Fac Fac Gar Fac Gar Fac Arm Used RIF Installer 4 | . . . . . . . . . 1 . 1 . . 1 . 1 . . Command Fork 1 | . . . . . . . . . . . 1 . . . . . . . Signal Jammer 1 | . . . . . . . . . . . . . . . . 1 . . Patrol Navigation 1 | . . . . . . . . . . . . . . 1 . . . . Robots Hacked 18 | . . . . . . . . . . . . . . . . 3 10 5 Non-combat 2 | . . . . . . . . . . . . . . . . . 2 . Combat 16 | . . . . . . . . . . . . . . . . 3 8 5 Robot Hacks Applied 19 | . . . . . . . . . . . . . . . . 3 11 5 ignore_parts 1 | . . . . . . . . . . . . . . . . . 1 . overload_power 2 | . . . . . . . . . . . . . . . . 2 . . disable_weapons 1 | . . . . . . . . . . . . . . . . . 1 . go_dormant 1 | . . . . . . . . . . . . . . . . . 1 . overwrite_iff 4 | . . . . . . . . . . . . . . . . . 3 1 streamctrl_low 1 | . . . . . . . . . . . . . . . . . 1 . formatsys_high 9 | . . . . . . . . . . . . . . . . 1 4 4 Relay Couplers Released 36 | . . . . . . . . . 11 . 5 . . 10 . 7 3 . Machine Destruction 33 | . . . . . . . . . 11 . 5 . . 10 . 7 . . Programmers 3 | . . . . . . . . . . . . . . . . . 3 . Attached 10 | . . . . . . . . . . . . . . 2 . 4 3 1 Robots Rewired 5 | . . . . . . . . . 2 . . . . . . . . 3 Allies Hacked . | . . . . . . . . . . . . . . . . . . . Hacks Repelled . | . . . . . . . . . . . . . . . . . . . Allies | -11 -10 -10 -9 -9 -9 -8 -8 -7 -7 -7 -7 -6 -5 -5 -5 -5 -4 -4 -------- Run | Scr Mat Min Mat Min Exi Min Mat Fac Gar Sto Gar Fac Fac Gar Fac Gar Fac Arm Total Allies 22 | . 1 . . . . . . . . . . . . . . 2 11 8 Largest Group 6 | . 1 1 1 1 1 1 1 1 1 1 1 1 1 1 1 1 4 6 Highest-Rated Group 412 | . 57 57 66 66 66 68 81 83 86 94 95 101 116 117 122 126 271 412 Highest-Rated Ally 162 | . 57 57 66 66 66 68 81 83 86 94 95 101 116 117 122 126 158 162 Total Orders . | . . . . . . . . . . . . . . . . . . . Ally Attacks 618 | . 19 15 24 2 . 18 35 42 48 41 32 21 62 25 . 14 99 121 Total Damage 21885 | . 231 179 411 27 . 399 942 1149 848 1138 905 788 1965 1542 . 996 5242 5123 Kills 172 | . 4 3 8 2 . 3 14 10 11 8 9 5 14 14 . 4 38 25 Allies Corrupted . | . . . . . . . . . . . . . . . . . . . Allies Melted 1 | . . . . . . . . . . . . . . . . . 1 . Intel | -11 -10 -10 -9 -9 -9 -8 -8 -7 -7 -7 -7 -6 -5 -5 -5 -5 -4 -4 ------- Run | Scr Mat Min Mat Min Exi Min Mat Fac Gar Sto Gar Fac Fac Gar Fac Gar Fac Arm Robot Analysis Total 2 | . . . . . . . . . . 2 . . . . . . . . Derelict Logs Recovered 2 | . . 2 . . . . . . . . . . . . . . . . Drone Launches . | . . . . . . . . . . . . . . . . . . . Drone Recoveries . | . . . . . . . . . . . . . . . . . . . Exploration | -11 -10 -10 -9 -9 -9 -8 -8 -7 -7 -7 -7 -6 -5 -5 -5 -5 -4 -4 ------------- Run | Scr Mat Min Mat Min Exi Min Mat Fac Gar Sto Gar Fac Fac Gar Fac Gar Fac Arm Turns Passed 10067 | 94 302 534 615 210 48 681 429 250 1054 576 564 222 723 1025 178 965 862 735 Spaces Moved 4856 | 51 154 242 316 125 29 363 160 90 635 238 276 92 307 532 78 469 389 310 Core 1 | 1 . . . . . . . . . . . . . . . . . . Treads 3428 | 50 154 242 316 125 29 363 88 90 237 88 276 84 46 . 72 469 389 310 Legs 1236 | . . . . . . . . . 398 31 . 8 261 532 6 . . . Wheels . | . . . . . . . . . . . . . . . . . . . Hover 191 | . . . . . . . 72 . . 119 . . . . . . . . Flight . | . . . . . . . . . . . . . . . . . . . Fastest Speed 50 | 50 160 160 160 160 160 155 155 160 120 126 160 120 120 150 150 170 163 145 Average Speed 156 | 157 160 160 160 160 160 157 185 160 137 145 160 160 150 150 169 170 168 151 Slowest Speed 220 | 160 160 160 160 160 160 160 220 160 160 190 160 180 180 150 210 170 170 163 Overloaded Moves . | . . . . . . . . . . . . . . . . . . . Propulsion Burnouts . | . . . . . . . . . . . . . . . . . . . Robots Hopped . | . . . . . . . . . . . . . . . . . . . Cave-ins Triggered . | . . . . . . . . . . . . . . . . . . . Exploration Rate (%) 33 | 5 41 62 28 35 8 74 20 4 70 47 57 3 9 72 3 58 16 26 Regions Visited 18 Branch Regions 6 Pre-discovered Areas 1 | . . 1 . . . . . . . . . . . . . . . . Known Exits Taken 5 | . . . . . . . 1 1 . 1 . . 1 . 1 . . . Unknown Exits Taken 9 | 1 1 1 1 1 1 1 . . . . . 1 . . . . 1 . Scrap Searched 3 | . . 2 . . . 1 . . . . . . . . . . . . Spaces Dug 2 | . . . . . . . . . . . . . . . . . . 2 Terrain Destroyed 235 | . 9 . . . . . 9 . 21 3 . 31 27 8 . 86 19 22 Melee . | . . . . . . . . . . . . . . . . . . . Projectile 74 | . . . . . . . . . 5 . . . 27 8 . . 19 15 AOE 161 | . 9 . . . . . 9 . 16 3 . 31 . . . 86 . 7 Terrain Rammed . | . . . . . . . . . . . . . . . . . . . Walls Destroyed . | . . . . . . . . . . . . . . . . . . . Machines Disabled . | . . . . . . . . . . . . . . . . . . . Actions | -11 -10 -10 -9 -9 -9 -8 -8 -7 -7 -7 -7 -6 -5 -5 -5 -5 -4 -4 --------- Run | Scr Mat Min Mat Min Exi Min Mat Fac Gar Sto Gar Fac Fac Gar Fac Gar Fac Arm Total 6579 | 62 189 344 414 132 31 431 246 178 743 417 334 132 469 713 123 593 512 516 Wait 901 | . 5 70 71 4 3 35 44 75 9 115 7 15 89 123 35 77 42 82 Move 4835 | 50 153 241 315 124 28 362 159 90 633 237 274 91 306 530 77 467 388 310 Hop . | . . . . . . . . . . . . . . . . . . . Pick Up 31 | 6 1 1 3 . . 2 3 . 2 1 1 . 1 5 . 2 1 2 Fast Attach 105 | 6 2 . 4 . . 2 4 3 8 17 5 6 15 . 7 6 8 12 Attach 22 | . . . 1 . . . 1 . 5 . 1 . 1 1 . 2 3 7 Detach 3 | . . . . . . . . . . 2 . . . . . . 1 . Swap 62 | . 3 4 4 1 . 3 6 . 5 4 4 2 1 7 . 3 10 5 Drop 100 | . 4 4 9 1 . 6 8 2 1 16 4 3 12 10 4 4 2 10 Fire 409 | . 21 24 7 2 . 21 21 8 39 25 38 15 43 27 . 32 50 36 Melee . | . . . . . . . . . . . . . . . . . . . Ram . | . . . . . . . . . . . . . . . . . . . Kick 1 | . . . . . . . . . . . . . 1 . . . . . Crush 4 | . . . . . . . . . . . . . . . . . 1 3 Escape Stasis 40 | . . . . . . . . . 30 . . . . 10 . . . . Rewire 66 | . . . . . . . . . 11 . . . . . . . 6 49 Trap . | . . . . . . . . . . . . . . . . . . . Miscellaneous . | . . . . . . . . . . . . . . . . . . . Route ------- -11/Scrapyard -10/Materials (discovered 2 exits: [*Min x2]) -10/Mines (discovered 2 exits: *Mat x2) -9/Materials -9/Mines (discovered 2 exits: *Mat / [*Exi]) -9/Exiles -8/Mines (discovered 2 exits: *Mat x2) -8/Materials -7/Factory -7/Garrison (discovered 3 exits: *Sto x3) -7/Storage -7/Garrison (discovered 2 exits: *Fac x2) -6/Factory -5/Factory -5/Garrison (discovered 3 exits: *Fac x3) -5/Factory -5/Garrison -4/Factory -4/Armory (discovered 1 exit: [*Res]) History --------- Turn | Location | Event 16 | -11/Scrapyard | Discovered new exit (range 15) 95 | -11/Scrapyard | Entered Materials 97 | -10/Materials | Discovered new exit (range 15) 252 | -10/Materials | Discovered new exit (range 15) 301 | -10/Materials | Build established: Mutant 397 | -10/Materials | Entered Mines 397 | -10/Mines | Accompanied by 1 ally 585 | -10/Mines | Found a hidden stash of uninstalled traps 627 | -10/Mines | Learned location of Zion (-7) 796 | -10/Mines | Learned Materials terminal intel 806 | -10/Mines | Discovered new exit (range 9) 883 | -10/Mines | Discovered new exit (range 7) 931 | -10/Mines | Entered Materials 931 | -9/Materials | Accompanied by 1 ally 931 | -9/Materials | Evolved 2 slots: Propulsion x1, Utility x1 932 | -9/Materials | Loaded intel: 12 terminal locations 1053 | -9/Materials | Discovered new exit (range 8) 1546 | -9/Materials | Entered Mines 1546 | -9/Mines | Accompanied by 1 ally 1581 | -9/Mines | Build established: Scavenger-Mutant 1653 | -9/Mines | Discovered new exit (range 4) 1745 | -9/Mines | Deemed a non-threat by the Exiles lab entrance 1747 | -9/Mines | Discovered new exit (range 5) 1756 | -9/Mines | Entered Exiles 1756 | -9/Exiles | Accompanied by 1 ally 1780 | -9/Exiles | Discovered new exit (range 15) 1804 | -9/Exiles | Entered Mines 1804 | -8/Mines | Accompanied by 1 ally 1899 | -8/Mines | Discovered new exit (range 6) 2094 | -8/Mines | Build established: Mutant 2439 | -8/Mines | Discovered new exit (range 12) 2485 | -8/Mines | Entered Materials 2485 | -8/Materials | Accompanied by 1 ally 2485 | -8/Materials | Evolved 2 slots: Utility x1, Weapon x1 2821 | -8/Materials | Build established: Scavenger-Gunner 2875 | -8/Materials | Discovered new exit (range 16) 2885 | -8/Materials | First assault squad dispatched 2913 | -8/Materials | Identified exit to Factory 2914 | -8/Materials | Entered Factory 2914 | -7/Factory | Accompanied by 1 ally 2914 | -7/Factory | Evolved 2 slots: Propulsion x1, Utility x1 2996 | -7/Factory | Garrison activated, responded to threat 3030 | -7/Factory | Fabricated Arc Projector (x1) 3156 | -7/Factory | Identified exit to Garrison 3164 | -7/Factory | Entered Garrison 3164 | -7/Garrison | Accompanied by 1 ally 3231 | -7/Garrison | Triggered checkpoint 3269 | -7/Garrison | Triggered checkpoint 3292 | -7/Garrison | Triggered checkpoint 3317 | -7/Garrison | Triggered checkpoint 3519 | -7/Garrison | Lost 4 parts (2n2w) 3558 | -7/Garrison | Discovered new exit (range 13) 3610 | -7/Garrison | Triggered checkpoint 3663 | -7/Garrison | Garrison Relay disabled 3745 | -7/Garrison | Identified exit to Storage 3868 | -7/Garrison | Triggered checkpoint 3871 | -7/Garrison | Core integrity fell below 50% 3913 | -7/Garrison | Garrison Relay disabled 3940 | -7/Garrison | Discovered exit to Storage (range 10) 4058 | -7/Garrison | Discovered exit to Storage (range 14) 4083 | -7/Garrison | Installed Relay Interface Framework 4114 | -7/Garrison | Triggered checkpoint 4151 | -7/Garrison | Lost 3 parts (2n1w) 4151 | -7/Garrison | Garrison Relay disabled 4183 | -7/Garrison | Build established: Scavenger-Mutant 4218 | -7/Garrison | Entered Storage 4218 | -7/Storage | Accompanied by 1 ally 4644 | -7/Storage | Garrison activated, responded to threat 4684 | -7/Storage | Lost 4 parts (2n1u1w) 4793 | -7/Storage | Identified exit to Garrison 4794 | -7/Storage | Entered Garrison 4794 | -7/Garrison | Accompanied by 1 ally 4864 | -7/Garrison | Triggered checkpoint 4890 | -7/Garrison | Triggered checkpoint 4908 | -7/Garrison | Triggered checkpoint 4955 | -7/Garrison | Destroyed 7 combat bots 4972 | -7/Garrison | Core integrity fell below 20% 5031 | -7/Garrison | Lost 3 parts (1p1n1u) 5084 | -7/Garrison | Discovered new exit (range 10) 5113 | -7/Garrison | Expanded RIF knowledge: Command Fork 5156 | -7/Garrison | Triggered checkpoint 5172 | -7/Garrison | Garrison Relay disabled 5256 | -7/Garrison | Triggered checkpoint 5315 | -7/Garrison | Build established: Scavenger-Tank 5324 | -7/Garrison | Triggered checkpoint 5330 | -7/Garrison | Discovered new exit (range 15) 5358 | -7/Garrison | Entered Factory 5358 | -6/Factory | Accompanied by 1 ally 5358 | -6/Factory | Evolved 2 slots: Utility x2 5461 | -6/Factory | Discovered new exit (range 16) 5477 | -6/Factory | Spotted B-75 Beast 5493 | -6/Factory | Destroyed B-75 Beast 5540 | -6/Factory | Lost 6 parts (3n2u1w) 5580 | -6/Factory | Entered another Factory area 5580 | -5/Factory | Accompanied by 1 ally 5580 | -5/Factory | Evolved 2 slots: Utility x1, Weapon x1 5962 | -5/Factory | Garrison activated, responded to threat 6180 | -5/Factory | First assault squad dispatched 6181 | -5/Factory | Identified exit to Garrison 6236 | -5/Factory | Core integrity fell below 50% 6303 | -5/Factory | Entered Garrison 6303 | -5/Garrison | Accompanied by 1 ally 6396 | -5/Garrison | Triggered checkpoint 6429 | -5/Garrison | Garrison Relay disabled 6524 | -5/Garrison | Triggered checkpoint 6528 | -5/Garrison | Spotted B-75 Beast 6540 | -5/Garrison | Triggered checkpoint 6555 | -5/Garrison | Destroyed B-75 Beast 6624 | -5/Garrison | Triggered checkpoint 6782 | -5/Garrison | Triggered checkpoint 6887 | -5/Garrison | Discovered new exit (range 14) 7026 | -5/Garrison | Discovered new exit (range 14) 7163 | -5/Garrison | Discovered new exit (range 9) 7184 | -5/Garrison | Expanded RIF knowledge: Watcher Feeds 7214 | -5/Garrison | Triggered checkpoint 7256 | -5/Garrison | Garrison Relay disabled 7328 | -5/Garrison | Entered Factory 7328 | -5/Factory | Accompanied by 1 ally 7505 | -5/Factory | Identified exit to Garrison 7506 | -5/Factory | Entered Garrison 7506 | -5/Garrison | Accompanied by 1 ally 7532 | -5/Garrison | Triggered checkpoint 7640 | -5/Garrison | Build established: Tank 7650 | -5/Garrison | Garrison Relay disabled 7957 | -5/Garrison | Phase Generator disabled 7981 | -5/Garrison | Spotted B-75 Beast 7981 | -5/Garrison | Spotted B-75 Beast 7996 | -5/Garrison | Triggered checkpoint 8050 | -5/Garrison | Destroyed B-75 Beast 8064 | -5/Garrison | Allies destroyed B-75 Beast 8138 | -5/Garrison | Triggered checkpoint 8140 | -5/Garrison | Triggered checkpoint 8202 | -5/Garrison | Lost 3 parts (1p1u1w) 8328 | -5/Garrison | Discovered new exit (range 9) 8354 | -5/Garrison | Expanded RIF knowledge: Signal Jamming 8399 | -5/Garrison | Garrison Relay disabled 8471 | -5/Garrison | Entered Factory 8471 | -4/Factory | Accompanied by 1 ally 8471 | -4/Factory | Evolved 2 slots: Utility x2 8746 | -4/Factory | First assault squad dispatched 9031 | -4/Factory | P-70 Sage assimilated allied Enforcer 7a 9145 | -4/Factory | High security lockdown imminent 9147 | -4/Factory | Build established: Botlord-Gunner 9192 | -4/Factory | Discovered new exit (range 11) 9225 | -4/Factory | High security lockdown engaged 9333 | -4/Factory | Entered Armory 9333 | -4/Armory | Accompanied by 1 ally 9833 | -4/Armory | First assault squad dispatched 9879 | -4/Armory | High security lockdown imminent 9941 | -4/Armory | Discovered new exit (range 11) 9943 | -4/Armory | Found Gamma Bomb Array 9959 | -4/Armory | High security lockdown engaged 9971 | -4/Armory | Core integrity fell below 50% 10014 | -4/Armory | Lost 8 parts (2p1u5w) 10054 | -4/Armory | Core integrity fell below 20% 10068 | -4/Armory | Destroyed by Y-72 Warden with Quantum Rifle Last Messages --------------- 10060_ Penetrated by Slug. 10060_ Slammed into Y-72 Warden. 10060_ Penetrated by Slug. 10061_ Slug penetrates Player 2. 10061_ Player 2 system corrupted by crushing effect. 10061_ Player 2 knocked back. 10062_ Penetrated by Slug. 10062_ Slug penetrates Wall. 10062_ Slammed into Y-72 Warden. 10062_ Player 2 attaches Centrium Wheel. 10063_ Slammed into Y-72 Warden. 10063_ Slug penetrates Player 2. 10065_ Acquired 63 matter. 10065_ Slug penetrates Player 2. 10065_ Slug penetrates Y-64 Sentinel. 10066_ Slug penetrates Player 2. 10066_ Y-64 Sentinel suffers critical hit. 10066_ Penetrated by Slug. 10067_ Acquired Power Sword. [Achievement: 20k Club] Map ----- +----------------------------------------------------+ | ??????????????????% ?????????????????????????????? | | ?????????????????? ?????????????????????????????? | | ?????????????????#++###??????????????????????????? | | ????????????????? ??????????????????????????? | | ?????????????????